Map: Jagannatha LE

Players

SirGanks - Winner!

  • Race: Terran Terran
  • Spawn Location: 1:00

VOD

Have the link to the VOD?

Description

Time

  • Played on: March 18, 2021, 11:31 a.m.
  • Length: 13:45
Show
View Real Time Build Order
Export as new Build Order

SirGanks Terran - Winner!

Build Orders:  

Get SALT Encoding   

  12  0:00  SCV  
  13  0:19  SCV  
  14  0:31  Supply Depot  
  14  0:36  SCV  
  15  1:01  SCV  
  15  1:06  Barracks  
  16  1:18  SCV  
  17  1:26  Refinery  
  17  1:35  SCV  
  18  1:47  Refinery  
  18  1:52  SCV  
  19  2:09  SCV  
  20  2:13  Marine  
  20  2:14  Supply Depot  
  21  2:29  SCV  
  22  2:39  Marine  
  23  2:46  Bunker  
  23  2:47  SCV  
  24  3:04  Marine  
  24  3:08  SCV  
  26  3:26  Orbital Command  
  26  3:31  Marine  
  26  3:32  Supply Depot  
  27  3:57  Marine  
  28  4:05  SCV  
  29  4:25  Barracks  
  29  4:38  SCV  
  30  5:20  SCV, Barracks Tech Lab  
  31  5:59  Barracks  
  31  6:01  Barracks  
  31  6:13  Barracks  
  31  6:36  Marauder  
  33  6:41  Barracks Tech Lab  
  33  7:07  Barracks  
  33  7:20  Barracks Tech Lab, Stimpack  
  33  7:22  Barracks Reactor  
  33  7:31  Marauder  
  33  7:32  Marauder  
  48  7:50  Unknown  
  37  7:54  Concussive Shells  
  37  8:05  Barracks Reactor  
  37  8:11  Marauder x2  
  37  8:12  Marauder  
  37  8:14  Barracks Reactor  
  43  8:31  Supply Depot  
  43  8:33  Supply Depot  
  43  8:36  Supply Depot  
  43  8:38  Supply Depot  
  43  8:47  Marauder  
  43  8:48  Marauder x2  
  49  8:50  Marine  
  49  8:51  Marine  
  51  9:22  Engineering Bay  
  51  9:26  Engineering Bay, Marine  
  51  9:27  Marine x3  
  51  9:28  Marine  
  51  9:29  Marine  
  57  9:30  Marauder x3  
  57  9:39  Supply Depot  
  63  9:43  Supply Depot  
  63  10:29  Marine x3  
  66  10:30  Marine  
  66  10:31  Marauder, Marine x2  
  66  10:32  Marauder x2  
  75  11:00  Marine x3  
  75  11:01  Marine x3  
  75  11:02  Marauder x2  
  85  12:09  Command Center  
  85  12:18  Refinery  
Tags
 
Matchup
Co-op
Replay Pack
AI
Add a new tag
Caveats
  • Supply blocks, unpowered buildings, or Contaminate may cause inaccurate times.
  • Supply counts are checked every 10 seconds.